 Dungeon Crawl Stone Soup version 0.31.0-11-ge490571c62 (webtiles) character file.

Game seed: 8441006992886814315

287 qw the Ducker (level 6, 0/30 HPs)
             Began as a Spriggan Hunter on Feb 4, 2024.
             Slain by Pikel
             ... wielding a +2 whip of electrocution
              (11 damage)
             ... on level 4 of the Dungeon.
             The game lasted 00:00:09 (1903 turns).

qw the Ducker (Spriggan Hunter)                     Turns: 1903, Time: 00:00:10

Health: 0/30       AC:  2    Str:  7    XL:     6   Next: 8%
Magic:  7/7        EV: 22    Int: 11    God:
Gold:   116        SH:  0    Dex: 20    Spells: 5/5 levels left

rFire   . . .        a - +0 shortbow
rCold   . . .        (shield currently unavailable)
rNeg    . . .        c - +0 robe
rPois   .            (helmet restricted)
rElec   .            (no cloak)
rCorr   .            (gloves unavailable)
SInv    +            (boots unavailable)
Will    +....        (no amulet)
Stlth   ++           (no ring)
HPRegen 0.25/turn    (no ring)
MPRegen 0.10/turn

%: no passive effects
@: very quick
A: very small, no large weapons, unfitting armour, see invisible, speed 3
a: no special abilities


You were on level 4 of the Dungeon.
You visited 1 branch of the dungeon, and saw 4 of its levels.

You collected 116 gold pieces.


Innate Abilities, Weirdness & Mutations

You are very small and have problems with some larger weapons.
You are too small for most types of armour.
You have supernaturally acute eyesight. (SInv)
You cover ground extremely quickly. (Speed+++)


   Skills:
 + Level 1.9 Fighting
 - Level 5.1 Ranged Weapons
 - Level 7.2 Dodging
 - Level 1.5 Stealth


You had 5 spell levels left.
You didn't know any spells.
Your spell library was empty.

Inventory:

Hand Weapons
 a - a +0 shortbow (weapon)
Armour
 c - a +0 robe (worn)
Potions
 b - a potion of might {unknown}
 e - 3 potions of resistance
 i - a potion of curing
 j - a potion of enlightenment {unknown}

Dungeon Overview and Level Annotations

Branches:
Dungeon (4/15)
 Temple: D:4-7

Altars:
Cheibriados

Shops:
D:4 *

Annotations:
D:3 1 runed translucent door, Crazy Yiuf, Pargi
D:4 Pikel


Message History

You shoot an arrow. The arrow hits Pikel.
Pikel is heavily wounded.
The lemure hits you.
Pikel hits you with a +2 whip of electrocution!
1895 ||| DRINKING 2 potions of heal wounds.
You feel much better. Pikel misses you. The lemure completely misses you.
You shoot an arrow. The arrow hits Pikel.
Pikel is heavily wounded.
Pikel completely misses you. The lemure hits you! Pikel closely misses you.
The lemure misses you.
You shoot an arrow. The arrow closely misses Pikel.
The arrow hits the lemure but does no damage.
The lemure is heavily wounded.
Pikel misses you. The lemure barely misses you.
You shoot an arrow.
The arrow hits Pikel but does no damage.
Pikel is heavily wounded.
The lemure hits you! Pikel closely misses you.
You shoot an arrow. The arrow closely misses Pikel.
The arrow hits the lemure but does no damage.
The lemure is heavily wounded.
Pikel misses you. The lemure hits you.
You shoot an arrow. The arrow barely misses Pikel.
The arrow closely misses the lemure.
The lemure hits you! Pikel completely misses you.
1901 ||| DRINKING potion of heal wounds.
You feel much better. Pikel completely misses you.
The lemure closely misses you.
You shoot an arrow. The arrow barely misses Pikel.
The arrow hits the lemure!
The lemure is almost dead.
Pikel hits you with a +2 whip of electrocution!
The lemure misses you.
You shoot an arrow. The arrow hits Pikel.
Pikel is heavily wounded.
The lemure misses you.
Pikel hits you with a +2 whip of electrocution!
You are electrocuted!
You die...
Pikel says, "See you in Hell!"

. #..#.##.#
.... #..#.##.#
...####..#.##.#
........<>....#
...5.......####
...5.......#
####+#..#.#.##
#......##5#.#
#.....5K@.#.#
......r####.#
..##### ... #..
#..


You could see Pikel, 2 lemures and a quokka.

Vanquished Creatures
  Grinder (D:3)
  A lemure (D:4)
  A sleepcap (D:4)
  An adder (D:3)
  A dart slug (D:1)
  A ribbon worm (D:3)
  An orc (D:3)
  3 ball pythons
  5 endoplasms
  3 giant cockroaches
  8 goblins
  5 hobgoblins
  5 jackals
  A quokka (D:2)
  4 bats
  2 frilled lizards
  2 kobolds
  9 rats
54 creatures vanquished.

Notes
Turn   | Place    | Note
-------+----------+-------------------------------------------
     0 | D:1      | qw the Spriggan Hunter began the quest for the Orb.
     0 | D:1      | Reached XP level 1. HP: 10/10 MP: 2/2
     0 | D:1      | 0 ||| qw: Version: 0.3-a-160-g6735b56
     0 | D:1      | 0 ||| qw: Game counter: 5574
     0 | D:1      | 0 ||| qw: Melee chars always use a shield: true
     0 | D:1      | 0 ||| qw: God list: Okawaru
     0 | D:1      | 0 ||| qw: Allow faded altars: false
     0 | D:1      | 0 ||| qw: Do Orc after clearing Dungeon:15 true
     0 | D:1      | 0 ||| qw: Do second Lair branch before Depths: true
     0 | D:1      | 0 ||| qw: Lair rune preference: random
     0 | D:1      | 0 ||| qw: Goals: Normal
     0 | D:1      | 0 ||| PLANNING D:1-11
    13 | D:1      | Reached skill level 3 in Dodging
    82 | D:1      | Found a faded altar of an unknown god.
   201 | D:1      | Reached XP level 2. HP: 14/14 MP: 3/3
   319 | D:1      | Reached skill level 4 in Dodging
   611 | D:1      | 611 ||| READING scroll labelled NISEQUN GIMI.
   614 | D:1      | 614 ||| DRINKING 2 golden potions.
   615 | D:1      | 615 ||| DROPPING scroll of butterflies.
   616 | D:1      | 616 ||| DROPPING potion of invisibility.
   627 | D:2      | 627 ||| STAIRDANCE
   631 | D:2      | 631 ||| STAIRDANCE
   642 | D:2      | 642 ||| STAIRDANCE
   648 | D:1      | Reached XP level 3. HP: 14/18 MP: 4/4
   993 | D:2      | 993 ||| READING scroll labelled BOQ TOASHRI.
   994 | D:2      | 994 ||| READING 2 scrolls labelled PIZIMOIREE.
   994 | D:2      | 994 ||| IDENTIFYING bubbling inky potion
   995 | D:2      | 995 ||| READING scroll of identify.
   995 | D:2      | 995 ||| IDENTIFYING 2 brown potions
  1118 | D:3      | Found a snail-covered altar of Cheibriados.
  1232 | D:3      | Noticed Grinder
  1267 | D:3      | Reached XP level 4. HP: 22/22 MP: 5/5
  1370 | D:3      | Noticed Pargi
  1383 | D:3      | HP: 3/22 [Pargi (8)]
  1384 | D:3      | 1384 ||| READING scroll of teleportation.
  1385 | D:3      | 1385 ||| DRINKING 4 potions of heal wounds.
  1389 | D:3      | Paralysed by Grinder for 3 turns
  1396 | D:3      | HP: 5/22 [Grinder (5)]
  1397 | D:3      | 1397 ||| DRINKING 3 potions of heal wounds.
  1399 | D:3      | Killed Grinder
  1400 | D:3      | Reached skill level 7 in Dodging
  1400 | D:3      | Reached XP level 5. HP: 25/25 MP: 6/6
  1574 | D:3      | Found a runed translucent door.
  1575 | D:3      | Noticed Crazy Yiuf
  1617 | D:3      | 1617 ||| READING scroll labelled QOSSES HIUHIB.
  1618 | D:3      | 1618 ||| READING scroll labelled LANU JATAE.
  1619 | D:3      | 1619 ||| READING scroll labelled LIAQ XEMAJUNUSK.
  1620 | D:3      | 1620 ||| READING scroll labelled LOSCHE FY DYHARR.
  1620 | D:3      | 1620 ||| ENCHANTING +0 shortbow.
  1621 | D:3      | 1621 ||| DRINKING 2 bubbling coppery potions.
  1623 | D:3      | 1623 ||| Stepping ~*~*~tactically~*~*~ (cloud).
  1770 | D:4      | Found Nullel's Mayhem Merchandise.
  1775 | D:4      | 1775 ||| STAIRDANCE
  1866 | D:4      | Reached XP level 6. HP: 30/30 MP: 7/7
  1870 | D:4      | Noticed Pikel
  1871 | D:4      | 1871 ||| RETREEEEATING.
  1873 | D:4      | 1873 ||| RETREEEEATING.
  1875 | D:4      | 1875 ||| RETREEEEATING.
  1894 | D:4      | HP: 4/30 [Pikel/+2 whip of electrocution (7)]
  1895 | D:4      | 1895 ||| DRINKING 2 potions of heal wounds.
  1900 | D:4      | HP: 6/30 [lemure[Pikel] (7)]
  1901 | D:4      | 1901 ||| DRINKING potion of heal wounds.
  1903 | D:4      | Slain by Pikel

Levels and vault maps discovered:
D:1:      erik_arrival_blinker_ship, layout_basic,
          nicolae_ecumenical_lake_church
D:2:      layout_rooms
D:3:      layout_basic, cheibriados_altar_1, uniq_pargi, uniq_grinder,
          uniq_crazy_yiuf_cottage
D:4:      layout_basic, mainiacjoe_overflow_tiny_flanked,
          minmay_temple_entry_waves, gammafunk_ghost_mausoleum,
          minmay_shop_mayhem, minmay_snake_closets, uniq_pikel

Skill      XL: |  1  2  3  4 |
---------------+-------------+-----
Dodging        | 3 4 7 |  7.2
Ranged Weapons | 5 |  5.1
Fighting       | |  1.9
Stealth        | |  1.5

Action                     |  1- 3 |  4- 6 || total
---------------------------+-------+-------++-------
   Fire: Shortbow          |   118 |    89 ||   207
    Use: Scroll            |     4 |     5 ||     9
         Potion            |     1 |     5 ||     6
 Armour: Robe              |    10 |    26 ||    36
  Dodge: Dodged            |    54 |    79 ||   133

Table legend:
 A = Non-vault XP
 B = Vault XP
 C = Vault XP percentage of total XP
 D = Non-vault monster count
 E = Vault monster count
 F = Vault count percentage of total count
                 A         B        C        D         E       F
            +---------+---------+-------+---------+---------+-------
      Total |     139 |     272 |  66.2 |      52 |       1 |   1.9
            +---------+---------+-------+---------+---------+-------
        D:1 |      38 |       0 |   0.0 |      22 |       0 |   0.0
        D:2 |      28 |       0 |   0.0 |      16 |       0 |   0.0
        D:3 |      35 |     272 |  88.6 |      12 |       1 |   7.7
        D:4 |      38 |       0 |   0.0 |       2 |       0 |   0.0
            +---------+---------+-------+---------+---------+-------
